 Dungeon Crawl Stone Soup version bcrawl-1.18.1 (webtiles) character file.

Game seed: 4983511598605329855

95 Morbidden the Insei (level 4, -1/36 HPs)
             Began as a Demigod Transmuter on Nov 7, 2019.
             Slain by a gnoll
             ... wielding a +0 whip
              (4 damage)
             ... on level 2 of the Dungeon.
             The game lasted 00:05:36 (2545 turns).

Morbidden the Insei (Demigod Transmuter)            Turns: 2545, Time: 00:05:37

Health: -1/36      AC:  2    Str: 14      XL:     4   Next: 39%
Magic:  9/10       EV: 12    Int: 19      God:    Demigod [*.....]
Gold:   237        SH:  0    Dex: 12 (17) Spells: 1/7 levels left

rFire    . . .     SeeInvis .   a - +0 hunting sling
rCold    . . .     Gourm    .   (no shield)
rNeg     . . .     Faith    .   b - +0 robe
rPois    .         Spirit   .   (no helmet)
rElec    .         Reflect  .   (no cloak)
rCorr    .         Harm     .   (no gloves)
MR       .....                  (no boots)
Stlth    +.........             (no amulet)
HPRegen  0.12/turn              (no ring)
MPRegen  0.12/turn              (no ring)

@: appendage (expiring)
A: horns 2, high mp 1
a: End Transformation, Temporal Distortion


You were on level 2 of the Dungeon.
You worshipped Demigod.
Demigod was aware of your devotion.
You were very hungry.
You had grown temporary horns.
You visited 1 branch of the dungeon, and saw 3 of its levels.

You collected 237 gold pieces.

Inventory:

Hand Weapons
 a - a +0 hunting sling (weapon)
Missiles
 c - 485 arrows
 k - 782 stones
 n - 154 sling bullets (quivered)
Armour
 b - a +0 robe (worn)
Scrolls
 g - 2 scrolls of enchant armour {unknown}
 h - 2 scrolls of teleportation {unknown}
 i - a scroll of magic mapping {unknown}
 j - 4 scrolls of amnesia {unknown}
 l - a scroll of immolation {unknown}
 m - 2 scrolls of identify {unknown}
 p - a scroll of remove curse {unknown}
Potions
 d - 2 potions of lignification
Comestibles
 f - 4 rations {!d}


   Skills:
 * Level 1.6 Fighting
 + Level 2.2 Dodging
 + Level 0.2 Stealth
 * Level 3.6 Unarmed Combat
 * Level 2.3 Spellcasting
 * Level 2.1 Transmutations
 * Level 0.1 Poison Magic


You had one spell level left.
You knew the following spells:

 Your Spells              Type           Power        Failure   Level  Hunger
a - Beastly Appendage     Tmut           ##....       7%          1    #......
b - Sticks to Snakes      Tmut           ##......     11%         2    ##.....
c - Spider Form           Tmut/Pois      #..          30%         3    ###....

Your spell library contained the following spells:

 Spells                   Type           Power        Failure   Level  Hunger
 Ice Form                 Ice/Tmut       #.......     71%         4    #####..
 Blade Hands              Tmut           ##........   88%         5    ######.


Dungeon Overview and Level Annotations

Branches:
Dungeon (3/12)


Innate Abilities, Weirdness & Mutations

You have an increased reservoir of magic. (+10% MP)
You have a pair of horns on your head.


Message History

The gnoll closely misses you. The gnoll barely misses you.
The gnoll throws a stone.
The stone barely misses you.
You are too injured to fight recklessly!
You are too injured to fight recklessly!
Unknown command.
Magic restored.
The gnoll hits you from afar with a +0 spear.
The hobgoblin hits you.
* * * LOW HITPOINT WARNING * * *
The gnoll hits you with a +0 whip.
* * * LOW HITPOINT WARNING * * *
The gnoll hits you with a cursed -1 whip.
* * * LOW HITPOINT WARNING * * *
The gnoll throws a stone.
The stone barely misses you.
You climb upwards.
There is a stone staircase leading down here.
Unknown command.
The gnoll hits you with a +0 whip.
You die...
Your divinity fades.

##########.#.###
......####.#...#
......#....###.#######
......#.........#....#
.#.##.#.........#....#
...##.#.........#....##
.####.##........#.....##########
.####.##........#g....##.......#
................@g....##.#####.#
..###...##.###.#.g.........###.#
#.####..#....#.#........##.....#
#..# #..#.####.#........##..####
##.#
#....####.#........##..##### #.#
#.####....#..[.............. #.#
#.# #.#############.#.###.#
##.###.# #.# ##...# #.# ##..##.#
#.# #####...######


You could see 2 gnolls and a hobgoblin.

Vanquished Creatures
  A bullfrog skeleton (D:2)
  A gnoll (D:3)
  3 worms
  3 dart slugs
  A leopard gecko (D:1)
  An orc (D:3)
  2 giant cockroaches
  3 goblins
  2 hobgoblins
  2 jackals (D:2)
  2 quokkas (D:2)
  A ball python (D:2)
  6 bats
  3 frilled lizards
  5 kobolds
  6 rats
42 creatures vanquished.

Notes
Turn   | Place    | Note
-------+----------+-------------------------------------------
     0 | D:1      | Morbidden the Demigod Transmuter began the quest for the
                  | Orb.
     0 | D:1      | Reached XP level 1. HP: 15/15 MP: 5/5
   588 | D:1      | Reached skill level 1 in Fighting
   588 | D:1      | Reached XP level 2. HP: 3/23 MP: 7/7
   647 | D:1      | Reached skill level 3 in Unarmed Combat
  1407 | D:2      | Reached XP level 3. HP: 24/28 MP: 8/8
  1411 | D:2      | Learned a level 2 spell: Sticks to Snakes
  1415 | D:2      | Learned a level 3 spell: Spider Form
  1562 | D:2      | Found a burning altar of Makhleb.
  1598 | D:2      | Reached * piety under Demigod
  1666 | D:2      | Found a hide-covered altar of Uskayaw.
  1739 | D:2      | Found an ancient bone altar of Kikubaaqudgha.
  1745 | D:2      | Reached XP level 4. HP: 34/35 MP: 10/10
  1838 | D:2      | Found a bloodstained altar of Trog.
  1838 | D:2      | Found an iron altar of Okawaru.
  1841 | D:2      | Found a shadowy altar of Dithmenos.
  2545 | D:2      | Slain by a gnoll

Skill      XL: |  1  2 |
---------------+-------+-----
Fighting       | 1 |  1.6
Spellcasting   | 2 |  2.3
Unarmed Combat | 3 |  3.6
Dodging        | 2 |  2.2
Transmutations | 2 |  2.1
Stealth        | |  0.2
Poison Magic   | |  0.1

Action                   |  1- 3 |  4- 6 || total
-------------------------+-------+-------++-------
Melee: Unarmed           |    50 |    21 ||    71
       Kick              |     1 |       ||     1
       Punch             |     1 |       ||     1
 Fire: Hunting sling     |    58 |    51 ||   109
 Cast: Beastly Appendage |     5 |     7 ||    12
  Use: Potion            |       |     1 ||     1
  Eat: Chunk             |     3 |     1 ||     4
Armor: Robe              |    17 |    36 ||    53
Dodge: Dodged            |    52 |    81 ||   133
